 Dungeon Crawl Stone Soup version 0.17-a0-1545-gc1bb672 (console) character file.

554 Monkaria the Spear-Bearer (level 7, 0/61 HPs)
             Began as a Minotaur Berserker on July 18, 2015.
             Was a Priest of Trog.
             Slain by a centaur (3 damage)
             ... on level 5 of the Dungeon.
             The game lasted 00:04:23 (4352 turns).

Monkaria the Spear-Bearer (Minotaur Berserker)      Turns: 4352, Time: 00:04:24

Health: 0/61       AC:  2    Str: 22    XL:     7   Next: 8%
Magic:  6/6        EV: 12    Int:  4    God:    Trog [***...]
Gold:   327        SH:  0    Dex: 11    Spells: 0 memorised, 6 levels left

rFire  . . .     SeeInvis .     a - +0 spear
rCold  . . .     Clarity  .     b - +0 animal skin
rNeg   . . .     SustAt   .     (no shield)
rPois  .         Gourm    .     (helmet restricted)
rElec  .         Spirit   .     (no cloak)
rCorr  +         Warding  .     (no gloves)
rMut   .         Stasis   .     (no boots)
MR     ++...                    y - amulet of resist corrosion
Stlth  +.........               (no ring)
                                (no ring)

@: regenerating, very resistant to hostile enchantments, very unstealthy
A: retaliatory headbutt, horns 2
a: Burn Spellbooks, Berserk, Trog's Hand, Renounce Religion


You were on level 5 of the Dungeon.
You worshipped Trog.
Trog was most pleased with you.
You were not hungry.

You visited 1 branch of the dungeon, and saw 5 of its levels.

You collected 327 gold pieces.

Inventory:

Hand weapons
 a - a +0 spear (weapon)
Missiles
 m - 45 poisoned needles
 w - 4 tomahawks (quivered)
 x - 3 throwing nets
Armour
 b - a +0 animal skin (worn)
Jewellery
 y - an amulet of resist corrosion (around neck)
Magical devices
 s - a wand of fire (7)
Scrolls
 d - 3 scrolls of remove curse {unknown}
 e - 2 scrolls of magic mapping {unknown}
 l - 2 scrolls of teleportation {unknown}
 o - a scroll of identify {unknown}
Potions
 g - a potion of curing {unknown}
 h - a potion of ambrosia {unknown}
 j - a potion of magic {unknown}
 n - 2 potions of degeneration {unknown}
 p - a potion of haste {unknown}
 q - a potion of lignification {unknown}
 r - a potion of cancellation {unknown}
 t - a potion of flight {unknown}
 u - a potion of poison {unknown}
 z - a potion of beneficial mutation {unknown}
 A - a potion of berserk rage {unknown}
Comestibles
 c - 3 bread rations
 f - 4 fruits
 i - a meat ration
 k - a slice of pizza
 v - a chunk of flesh


   Skills:
 - Level 5.0 Fighting
 + Level 9.1 Polearms
 - Level 2.4 Armour
 - Level 2.1 Dodging


You had 6 spell levels left.
You didn't know any spells.

Dungeon Overview and Level Annotations

Branches:
Dungeon (5/15)
 Temple: D:4-7

Altars:
Kikubaaqudgha
Trog
Zin


Innate Abilities, Weirdness & Mutations

You reflexively headbutt those who attack you in melee.
You have a pair of horns on your head.


Message History

You are too injured to fight recklessly!
You are too injured to fight recklessly!
The centaur unwields an uncursed shortbow.
The centaur hits you.
* * * LOW HITPOINT WARNING * * *
The centaur hits you!
* * * LOW HITPOINT WARNING * * *
You hit the centaur.
The centaur is lightly wounded.
You hit the centaur but do no damage. You headbutt the centaur.
The centaur is heavily wounded.
The centaur barely misses you. The centaur hits you!
* * * LOW HITPOINT WARNING * * *
Use which ability? (? or * to list)
Your skin crawls.
You feel resistant to hostile enchantments.
You feel slightly more hungry.
You can no longer call in reinforcements.
The centaur hits you.
You die...

....# ....# ....# ....#
....# ### ....# ..#
##### #.# ### #####.###
..# #....@c.# #.#
#.###(##.# #.#
......#.# .# ..#
#.#.#.#.##.# ..# #.
...#.#.##.# ..####.
#..#.#....####
.....#.###..#.###...#..
.###.#......#...#.#.#.#
.#.#.#........#.#.#.#.#


You could see a centaur.

Vanquished Creatures
  3 scorpions
  3 orc wizards
  3 orc priests
  An iguana (D:4)
  A worker ant (D:5)
  6 adders
  3 gnolls (D:4)
  An ooze (D:3)
  A worm (D:2)
  4 giant geckos
  9 orcs
  A ball python (D:4)
  A bat skeleton (D:4)
  A bat zombie (D:5)
  7 giant cockroaches
  11 goblins
  8 hobgoblins
  15 kobolds
  2 quokkas
  6 bats
  2 giant newts
  4 jackals (D:1)
  11 rats
104 creatures vanquished.

Notes
Turn   | Place    | Note
--------------------------------------------------------------
     0 | D:1      | Monkaria the Minotaur Berserker began the quest for the Orb.
     0 | D:1      | Reached XP level 1. HP: 19/19 MP: 0/0
    94 | D:1      | Reached skill level 4 in Fighting
   161 | D:1      | Reached XP level 2. HP: 8/28 MP: 1/1
   969 | D:1      | Reached skill level 5 in Fighting
   972 | D:1      | Acquired Trog's second power
   977 | D:1      | Reached XP level 3. HP: 31/36 MP: 2/2
  1634 | D:2      | Reached XP level 4. HP: 37/42 MP: 3/3
  1786 | D:3      | Reached skill level 5 in Polearms
  2385 | D:3      | Reached skill level 6 in Polearms
  2385 | D:3      | Reached XP level 5. HP: 38/48 MP: 4/4
  2754 | D:4      | Found a glowing silver altar of Zin.
  2754 | D:4      | Noticed an angel
  2846 | D:4      | Reached skill level 7 in Polearms
  2853 | D:4      | Reached XP level 6. HP: 14/56 MP: 5/5
  3700 | D:4      | Found a bloodstained altar of Trog.
  3770 | D:4      | Found an ancient bone altar of Kikubaaqudgha.
  3933 | D:5      | Entered Level 5 of the Dungeon
  3938 | D:5      | Reached skill level 8 in Polearms
  4082 | D:5      | Acquired Trog's third power
  4086 | D:5      | Reached skill level 9 in Polearms
  4086 | D:5      | Reached XP level 7. HP: 18/61 MP: 6/6
  4351 | D:5      | HP: 2/61 [centaur (7)]
  4352 | D:5      | Slain by a centaur

Vault maps used:
D:1:      shiori_arrival_oz, serial_bayou_ford_a
D:2:      mrwooster_statue_mirror
D:3:      first_bread
D:4:      lemuel_doored_altar, zin_angel, trog_hazing_becter
D:5:      corexii_shack_village, trog_book

Action                   |  1- 3 |  4- 6 |  7- 9 || total
-------------------------+-------+-------+-------++-------
Melee: Spear             |   104 |   190 |    12 ||   306
Invok: Trog's Hand       |       |       |     1 ||     1
 Stab: Sleeping          |     4 |     2 |       ||     6
  Eat: Chunk             |     2 |     8 |     1 ||    11
